Build Orders - Match 34669578 - cohdb - Company of Heroes 3 Replays
cohdb
Replays
Latest Replays
All Replays
Popular Replays
Top Player Replays
Match Explorer
How It Works
Community
CoH3 Stats
Reddit
Sign in to upload your games and track your stats! →
Sign in with Steam
Match 34669578
Unlisted
Match 34669578
Overview
Messages
Build Orders
End
Kradschützen Motorcycle Team
Panzergrenadier Squad
250 Light Carrier
Panzergrenadier Squad
Construct Light Support Kompanie
Construct Mechanized Kompanie
8 Rad Armored Car
2.5-tonne Medical Truck
Support Armor Elements
Selects Battlefield Espionage Battlegroup
Selects 250/3 Funkpanzerwagen
Selects Anti-Tank Incendiary Munitions
Selects Intel Disruption Beacon
Pak 38 Mechanized Group
Selects Transfer Depots
Panzerpioneer Squad
254 Reconnaissance Tractor
Veteran Squad Leaders
MG34 Team
Construct Panzerarmee Kommand
Flakvierling Half-track
Pak 38 Mechanized Group
Construct Panzerarmee Kommand
BamboneWertherone ITA
FLOKL
Vic
Bego
0
0
Comments
sign in to comment!
No comments posted yet!